 Dungeon Crawl Stone Soup version 0.31-a0-986-g5e6e4ef867 (webtiles) character file.

Game seed: 14366026572620072496

106 Jeffwins the Ruffian (level 4, 0/22 HPs)
             Began as a Vine Stalker Shapeshifter on Nov 13, 2023.
             Slain by a gnoll
             ... wielding a +0 halberd
              (9 damage)
             ... on level 2 of the Dungeon.
             The game lasted 00:03:32 (1372 turns).

Jeffwins the Ruffian (Vine Stalker Shapeshifter)    Turns: 1372, Time: 00:03:32

Health: 0/22       AC:  2    Str: 16    XL:     4   Next: 84%
Magic:  0/5        EV: 12    Int: 12    God:
Gold:   60         SH:  0    Dex: 14    Spells: 3/3 levels left

rFire   . .          .
                       - Unarmed
rCold   . . .        (no shield)
rNeg    . . .        a - +0 animal skin
rPois   .            (helmet currently unavailable)
rElec   .            (cloak currently unavailable)
rCorr   +            (gloves currently unavailable)
SInv    .            (boots currently unavailable)
Will    .....        (no amulet)
Stlth   ++           R - ring of resist corrosion
HPRegen 1.03/turn    (no ring)
MPRegen 0.09/turn

%: guardian spirit
@: beast-form
A: beast (slay +2), fangs 2, regeneration 1, magic shield, antimagic bite, no
potion heal 2
a: Begin Untransformation


You were on level 2 of the Dungeon.
You were a hulking beast.
You visited 1 branch of the dungeon, and saw 3 of its levels.

You collected 60 gold pieces.


Innate Abilities, Weirdness & Mutations

You are a hulking beast.
Your limbs bulge with bestial killing power. (Slay +2)
You have extremely sharp teeth.
Your natural rate of healing is unusually fast.
When hurt, damage is shared between your health and your magic reserves.
Your bite disrupts and absorbs the magic of your enemies.
Potions cannot restore your health.


   Skills:
 + Level 1.6 Fighting
 + Level 2.0 Dodging
 + Level 1.6 Stealth
 * Level 3.9 Unarmed Combat
 * Level 3.7 Shapeshifting


You had 3 spell levels left.
You didn't know any spells.
Your spell library contained the following spells:

 Spells                   Type           Power      Damage    Failure   Level
 Sandblast                Erth           0%         2d4       32%         1
 Passwall                 Tmut/Erth      0%         N/A       45%         2
 Stone Arrow              Conj/Erth      0%         3d7       69%         3
 Brom's Barrelling Bould  Conj/Erth      0%         2d3       97%         4
 Cause Fear               Hex            0%         N/A       97%         4
 Fireball                 Conj/Fire      0%         3d3       100%        5
 Dragon's Call            Summ           0%         N/A       100%        9

Inventory:

Hand Weapons
 e - a +2 spear of pain
Armour
 a - a +0 animal skin (worn)
 f - a +0 ring mail
Jewellery
 R - a ring of resist corrosion (left hand)
Talismans
 c - a beast talisman
 d - a flux talisman
Scrolls
 h - a scroll of enchant weapon {unknown}
 i - a scroll of enchant armour {unknown}
 k - a scroll of silence {unknown}
 l - a scroll of blinking {unknown}
 o - a scroll of identify {unknown}
 q - a scroll of teleportation {unknown}
Potions
 b - a potion of lignification {!q}
 g - a potion of curing {unknown}
 j - 2 potions of berserk rage {unknown}
 m - a potion of might {unknown}
 n - 2 potions of brilliance {unknown}
 p - a potion of ambrosia {unknown}

Dungeon Overview and Level Annotations

Branches:
Dungeon (3/15)

Altars:

######### #.......#
#####
#.####..###...#
..##..........#####
.....#..###....Jhg#
..####..#
#######.###
........# #......#
#......## #.##...#
....#### #.##.#.##
##..########
#.#.###.#
....##.....#
#.##.#.##
###.##.....#
#.###..# #.##.....#
#......#


You could see a gnoll and an endoplasm.


Message History

The endoplasm jiggles.
The gnoll barely misses you. The gnoll barely misses you.
You climb upwards.
There is a stone staircase leading down here.
There is an escape hatch in the floor here.
There is a stone staircase leading down here.
You climb downwards.
The endoplasm closely misses you.
The orc throws a boomerang.
The boomerang misses you. The gnoll hits you with a +0 halberd!
The gnoll hits you from afar with a +0 spear.
* * * LOW HITPOINT WARNING * * *
There is a stone staircase leading up, spattered with blood here.
Unknown command.
The endoplasm misses you. The gnoll closely misses you. The gnoll misses you.
You climb upwards.
There is a stone staircase leading down here.
Unknown command.
You hit the gnoll.
The gnoll is lightly wounded.
The endoplasm freezes you.
You are frozen.
The gnoll closely misses you.
Unknown command.
You punch the gnoll!
The gnoll is severely wounded.
The endoplasm freezes you.
You are frozen.
* * * LOW HITPOINT WARNING * * *
The gnoll hits you with a +0 halberd!
You die...

Skill      XL: |  1  2  3  4 |
---------------+-------------+-----
Fighting       | 1 |  1.6
Stealth        | 1 |  1.6
Dodging        | 2 |  2.0
Unarmed Combat | |  3.9
Shapeshifting  | |  3.7

Action                     |  1- 3 |  4- 6 || total
---------------------------+-------+-------++-------
  Melee: Unarmed           |   102 |    22 ||   124
         Bite              |    26 |     6 ||    32
         Punch             |     3 |       ||     3
   Stab: Sleeping          |     2 |     1 ||     3
         Distracted        |       |     1 ||     1
 Armour: Animal skin       |    54 |    11 ||    65
  Dodge: Dodged            |    62 |    15 ||    77

Levels and vault maps discovered:
D:1:      dpeg_arrival_houses_and_road, layout_rooms
D:2:      layout_loops_cross, ebering_ecumenical_altar_mist
D:3:      layout_rooms, mainiacjoe_overflow_brackets, bh_walls_and_bars,
          uniq_robin

Notes
Turn   | Place    | Note
-------+----------+-------------------------------------------
     0 | D:1      | Jeffwins the Vine Stalker Shapeshifter began the quest for
                  | the Orb.
     0 | D:1      | Reached XP level 1. HP: 9/9 MP: 2/2
    29 | D:1      | Reached skill level 1 in Fighting
    36 | D:1      | You fall into a shaft and drop 1 floor!
   110 | D:2      | Reached XP level 2. HP: 11/14 MP: 3/3
   294 | D:1      | Reached XP level 3. HP: 18/18 MP: 2/4
   492 | D:1      | Reached skill level 1 in Stealth
   782 | D:2      | Reached XP level 4. HP: 5/22 MP: 0/5
  1010 | D:1      | Reached skill level 2 in Dodging
  1155 | D:2      | Found a faded altar of an unknown god.
  1372 | D:2      | Slain by a gnoll

Vanquished Creatures
  An iguana (D:2)
  3 gnolls
  A dart slug (D:1)
  5 ball pythons
  10 endoplasms
  3 giant cockroaches
  5 goblins (D:1)
  3 hobgoblins
  4 quokkas
  3 bats
  2 frilled lizards
  2 kobolds (D:1)
  5 rats
47 creatures vanquished.

Table legend: (Time is in decaauts)
 A = Elapsed time spent in this place.
 B = Non-inter-level travel time spent in this place.
 C = Inter-level travel time spent in this place.
 D = Time resting spent in this place.
 E = Time spent auto-exploring this place.
 F = Levels seen in this place.
 G = Mean time per level.
                   A        B        C        D        E       F      G
               +--------+--------+--------+--------+--------+-----+--------+
         Total |   1365 |   1276 |     89 |     19 |    939 |   3 |  455.0 |
       Dungeon |   1365 |   1276 |     89 |     19 |    939 |   3 |  455.0 |
               +--------+--------+--------+--------+--------+-----+--------+

Top non-repeatable levels by time:
     D:2: 771 daAuts
     D:1: 587 daAuts
     D:3: 6 daAuts

Table legend:
 A = Non-vault XP
 B = Vault XP
 C = Vault XP percentage of total XP
 D = Non-vault monster count
 E = Vault monster count
 F = Vault count percentage of total count
                 A         B        C        D         E       F
            +---------+---------+-------+---------+---------+-------
      Total |     152 |       0 |   0.0 |      47 |       0 |   0.0
            +---------+---------+-------+---------+---------+-------
        D:1 |      65 |       0 |   0.0 |      29 |       0 |   0.0
        D:2 |      87 |       0 |   0.0 |      18 |       0 |   0.0
            +---------+---------+-------+---------+---------+-------
